[Event "*** Titled Tuesday Blitz"]
[Site "Chess.com"]
[Date "2021.03.09"]
[Round "6"]
[White "kinga2008"]
[Black "chesslh19"]
[Result "1-0"]
[WhiteElo "2103"]
[BlackElo "2268"]
[TimeControl "180+1"]
[EndTime "11:08:49 PST"]
[Termination "kinga2008 won on time"]

1. d4 Nf6 2. Nf3 d5 3. c4 e6 4. g3 Be7 5. Bg2 O-O 6. O-O dxc4 7. Qc2 a6 8. Qxc4 b5 9. Qc2 Bb7 10. Bf4 Bd6 11. Nc3 Bxf4 12. gxf4 Qd6 13. e3 Nbd7 14. Rfd1 Rac8 15. Ne5 Bxg2 16. Kxg2 Qb6 17. Rac1 Qb7+ 18. f3 c5 19. Nxd7 Nxd7 20. d5 b4 21. Ne4 exd5 22.
Nd6 Qc6 23. Nxc8 Rxc8 24. Qd3 Nf6 25. Rc2 Qb5 26. Qxb5 axb5 27. Kf2 Kf8 28. a3 1-0

[Event "*** Titled Tuesday Blitz"]
[Site "Chess.com"]
[Date "2021.03.09"]
[Round "6"]
[White "JimmmyZhang"]
[Black "Sychev_Klementy"]
[Result "1-0"]
[WhiteElo "2458"]
[BlackElo "2864"]
[TimeControl "180+1"]
[EndTime "11:08:53 PST"]
[Termination "JimmmyZhang won by checkmate"]

1. b3 Nf6 2. Bb2 g6 3. e3 Bg7 4. Nf3 O-O 5. Be2 c5 6. O-O d5 7.
c4 d4 8. exd4 Nh5 9. Ne5 cxd4 10. Bxh5 Bxe5 11. Bf3 Qc7 12. g3 Bh3 13. Re1 Nc6 14. d3 h5 15. Nd2 h4 16. Bxc6 hxg3 17. Be4 gxf2+ 18. Kxf2 Bxh2 19. Qf3 Qf4 20. Qxf4 Bxf4 21. Nf3 e5 22. Bxb7 Rab8 23. Bd5 Rfe8 24.
Re4 Bf5 25. Rxf4 exf4 26. Bxd4 Kf8 27. Rh1 Ke7 28. Ne5 Kd6 29. Nxf7+ Kd7 30. Ne5+ Kc8 31. Rh7 Be6 32. Bc6 Rd8 33. Bxa7 Rb4 34. Bc5 Rb8 35. d4 g5 36. d5 Bf5 37. Rf7 Be4 38. d6 Bxc6 39. Rc7# 1-0

[Event "*** Titled Tuesday Blitz"]
[Site "Chess.com"]
[Date "2021.03.09"]
[Round "6"]
[White "Khnykin_Nikolay"]
[Black "jovencata"]
[Result "1-0"]
[WhiteElo "2056"]
[BlackElo "2160"]
[TimeControl "180+1"]
[EndTime "11:08:53 PST"]
[Termination "Khnykin_Nikolay won by resignation"]

1. d4 a6 2. Nc3 b5 3. a3 Bb7 4.
Bf4 Nf6 5. e3 e5 6. Bxe5 d6 7.
Bf4 Be7 8. Nf3 Nbd7 9. Be2 O-O 10. Qd2 c5 11. O-O-O b4 12. Nb1 Ne4 13. Qe1 b3 14. c3 d5 15. Nfd2 Nxd2 16. Qxd2 c4 17. Bf3 Nf6 18.
Qe2 Re8 19. Nd2 Qa5 20. Nb1 h6 21. h4 Bc8 22. g4 Be6 23. g5 hxg5 24. hxg5 Ne4 25.
Bxe4 dxe4 26. Qh5 1-0

[Event "*** Titled Tuesday Blitz"]
[Site "Chess.com"]
[Date "2021.03.09"]
[Round "6"]
[White "CrushingKings"]
[Black "CSB7"]
[Result "0-1"]
[WhiteElo "2405"]
[BlackElo "2594"]
[TimeControl "180+1"]
[EndTime "11:08:54 PST"]
[Termination "CSB7 won by resignation"]

1. e4 c5 2. d4 cxd4 3. c3 dxc3 4.
Nxc3 Nc6 5. Nf3 d6 6. Bc4 a6 7. O-O Nf6 8. h3 e6 9. Qe2 Be7 10. Rd1 Qc7 11. Bf4 Ne5 12. Bb3 O-O 13. Rac1 Qa5 14. Bd2 Nxf3+ 15. Qxf3 Qh5 16. Qg3 b5 17. a3 Bb7 18. Bc2 Rac8 19. Bf4 d5 20. e5 Nd7 21.
Ne4 Rxc2 0-1

[Event "*** Titled Tuesday Blitz"]
[Site "Chess.com"]
[Date "2021.03.09"]
[Round "6"]
[White "Skatchkov_V"]
[Black "bazar-wokzal"]
[Result "1-0"]
[WhiteElo "2623"]
[BlackElo "2475"]
[TimeControl "180+1"]
[EndTime "11:08:56 PST"]
[Termination "Skatchkov_V won by checkmate"]

1. c4 f5 2. e3 Nf6 3. Nf3 d6 4. d4 g6 5. b4 Bg7 6. Bb2 O-O 7. Nbd2 Qe8 8. d5 c6 9. Qb3 cxd5 10. cxd5 Nbd7 11.
a4 a5 12. bxa5 Rxa5 13. Bb5 Kh8 14. O-O Ra8 15. Bd4 h6 16. Rac1 Qf7 17. Rc7 g5 18. Rfc1 g4 19. Nh4 Ne5 20. Bxe5 dxe5 21. Rxe7 Qh5 22. g3 f4 23. Rcc7 Rg8 24. exf4 exf4 25. Qd3 Qxd5 26. Ng6+ Kh7 27. Nf8+ Kh8 28. Qh7+ Nxh7 29.
Ng6# 1-0

[Event "*** Titled Tuesday Blitz"]
[Site "Chess.com"]
[Date "2021.03.09"]
[Round "6"]
[White "SameerMujumdar"]
[Black "AliKa2810"]
[Result "0-1"]
[WhiteElo "2358"]
[BlackElo "2552"]
[TimeControl "180+1"]
[EndTime "11:08:57 PST"]
[Termination "AliKa2810 won by resignation"]

1. d4 d5 2. c4 c6 3. cxd5 cxd5 4. Nc3 Nf6 5. Bf4 Nc6 6. Nf3 Bf5 7. e3 e6 8. Bd3 Bxd3 9. Qxd3 Bd6 10. Bxd6 Qxd6 11. O-O O-O 12. Rfc1 a6 13. Na4 Ne4 14. Nd2 f5 15. a3 Rf6 16. f4 g5 17. Rf1 Rg6 18. Nxe4 fxe4 19. Qb3 gxf4 20. Rxf4 Nxd4 21. Qxb7 Ne2+ 22. Kh1 Rf8 23. Rxf8+ Qxf8 24. Nc3 Qf2 25. Qb8+ Kg7 0-1

[Event "*** Titled Tuesday Blitz"]
[Site "Chess.com"]
[Date "2021.03.09"]
[Round "6"]
[White "QuintilianoR"]
[Black "NiranjanNavalgund"]
[Result "1/2-1/2"]
[WhiteElo "2677"]
[BlackElo "2453"]
[TimeControl "180+1"]
[EndTime "11:09:00 PST"]
[Termination "Game drawn by agreement"]

1. d4 Nf6 2. Nf3 e6 3. e3 c5 4.
Nbd2 d5 5. c3 Nc6 6. Bd3 Bd6 7.
O-O O-O 8. dxc5 Bxc5 9. b4 Bd6 10. Bb2 a6 11. a3 e5 12. e4 dxe4 13. Nxe4 Nxe4 14.
Bxe4 f5 15. Bd5+ Kh8 16. c4 e4 17. Bxc6 bxc6 18. Qd4 Qe7 19. Ne5 Bxe5 20. Qxe5 Qxe5 21.
Bxe5 Be6 22. c5 a5 23. Rab1 axb4 24. axb4 Bc4 25. Rfd1 Rfd8 26. h3 Rd3 27. Rxd3 Bxd3 28.
Ra1 Rxa1+ 29. Bxa1 Kg8 30. Bd4 Kf7 31. f3 g6 32. Kf2 Ke6 33. g4 fxg4 34. hxg4 exf3 35. Kxf3 h5 36. gxh5 gxh5 37. Kg3 Kd5 38. Bc3 Kc4 39. Be1 Be2 40. Kh4 Bg4 41. Kg3 Be2 42. Kh4 Bg4 1/2-1/2

[Event "*** Titled Tuesday Blitz"]
[Site "Chess.com"]
[Date "2021.03.09"]
[Round "6"]
[White "Ranindu2003"]
[Black "Orest_Vovk"]
[Result "1-0"]
[WhiteElo "2621"]
[BlackElo "2433"]
[TimeControl "180+1"]
[EndTime "11:09:00 PST"]
[Termination "Ranindu2003 won by resignation"]

1. e4 Nc6 2. Nc3 Nf6 3. d4 e5 4. d5 Ne7 5. f4 exf4 6. Bxf4 Ng6 7. Bg3 Bc5 8. Qd2 d6 9. O-O-O O-O 10. Kb1 Ng4 11.
Re1 a6 12. h3 N4e5 13. Nf3 b5 14. Be2 Re8 15. h4 Nxf3 16. gxf3 Ne5 17. h5 Nc4 18.
Bxc4 bxc4 19. h6 g6 20. Bh4 Qd7 21. f4 Rb8 22. Ka1 f5 23. exf5 Bb7 24. fxg6 hxg6 25. h7+ Kg7 26. Ne4 Qf5 27. Qc3+ Kf7 28. Ng5+ 1-0

[Event "*** Titled Tuesday Blitz"]
[Site "Chess.com"]
[Date "2021.03.09"]
[Round "6"]
[White "jannat65"]
[Black "lagedema"]
[Result "0-1"]
[WhiteElo "1964"]
[BlackElo "2477"]
[TimeControl "180+1"]
[EndTime "11:09:04 PST"]
[Termination "lagedema won by resignation"]

1. e4 c5 2. Nf3 Nc6 3. d4 cxd4 4. Nxd4 Nf6 5. Nc3 d6 6. Bg5 e6 7. Be2 Bd7 8. O-O a6 9. Kh1 Rc8 10. f4 Be7 11. Qd2 O-O 12. Rad1 b5 13. Bxf6 Bxf6 14.
Nxc6 Bxc6 15. Qxd6 Qxd6 16. Rxd6 Be7 17. Rdd1 b4 18. Nb1 Bxe4 19. Bxa6 Rxc2 20. Rd2 Ra8 21. Rxc2 Bxc2 22. Bc4 Rd8 23. Re1 Bf6 24. b3 h5 25. Rc1 h4 26. h3 Be4 27. Be2 Kf8 28.
a3 Bxb1 29. Rxb1 bxa3 30. b4 a2 31. Rc1 a1=Q 32. Rxa1 Bxa1 33. b5 Bd4 34. Kh2 Bf2 35. Bf3 Rc8 36. Bc6 Rd8 37. Be4 Bg3+ 0-1

[Event "*** Titled Tuesday Blitz"]
[Site "Chess.com"]
[Date "2021.03.09"]
[Round "6"]
[White "Beca95"]
[Black "Oligan22"]
[Result "1-0"]
[WhiteElo "2863"]
[BlackElo "2480"]
[TimeControl "180+1"]
[EndTime "11:09:06 PST"]
[Termination "Beca95 won by resignation"]

1. d4 d5 2. Nf3 Nf6 3. Bf4 c5 4.
e3 Nc6 5. Nbd2 Bg4 6. h3 Bh5 7. g4 Bg6 8. Bb5 e6 9. Ne5 Rc8 10. h4 cxd4 11. exd4 h5 12. g5 Nd7 13. Nxg6 fxg6 14. c3 a6 15. Bd3 Kf7 16. Qb1 Ne7 17.
Nf3 Nf5 18. O-O Qb6 19. Re1 Bd6 20. Bxd6 Qxd6 21. Qc1 Rhf8 22. Bxf5 exf5 23. Qc2 Rce8 24. Qb3 b5 25. a4 Re4 26. axb5 axb5 27. Qxb5 Rb8 28.
Ra6 Rxb5 29. Rxd6 Nf8 30. Ra1 Rxb2 31. Ra7+ Re7 32. Ne5+ Ke8 33. Ra8+ 1-0

[Event "*** Titled Tuesday Blitz"]
[Site "Chess.com"]
[Date "2021.03.09"]
[Round "6"]
[White "lelya96"]
[Black "MustafayevFarid2004"]
[Result "0-1"]
[WhiteElo "2260"]
[BlackElo "2441"]
[TimeControl "180+1"]
[EndTime "11:09:09 PST"]
[Termination "MustafayevFarid2004 won by resignation"]

1. d4 Nf6 2. Nf3 d5 3. Bg5 e6 4. e3 Be7 5. Bd3 Nbd7 6. O-O h6 7. Bh4 c5 8. c3 O-O 9. Nbd2 a6 10. Qb1 b5 11. h3 Bb7 12. Re1 b4 13. e4 dxe4 14. Nxe4 Nxe4 15. Bxe7 Qxe7 16. Bxe4 Bxe4 17. Qxe4 bxc3 18.
bxc3 cxd4 19. cxd4 Nf6 20. Qe2 Rfd8 21. Rab1 Nd5 22.
Rec1 Qa3 23. Ne5 Nf4 24. Qe4 Nd5 25. Qe2 Rab8 26. Rxb8 Qxc1+ 27. Kh2 Rxb8 28. Qf3 Qf4+ 0-1

[Event "*** Titled Tuesday Blitz"]
[Site "Chess.com"]
[Date "2021.03.09"]
[Round "6"]
[White "Azerichess"]
[Black "slavenok"]
[Result "1-0"]
[WhiteElo "2971"]
[BlackElo "2728"]
[TimeControl "180+1"]
[EndTime "11:09:10 PST"]
[Termination "Azerichess won by resignation"]

1. d4 d5 2. c4 e6 3. Nf3 Nf6 4. Bg5 Bb4+ 5. Nbd2 h6 6. Bh4 O-O 7. e3 b6 8. cxd5 exd5 9. a3 Be7 10. Rc1 Bg4 11.
Be2 Nbd7 12. O-O c5 13. dxc5 bxc5 14. h3 Bh5 15. b3 Qb6 16. Qc2 Rac8 17. Rfd1 Rfd8 18.
Bd3 Qa5 19. g4 Bg6 20. Bxg6 fxg6 21. Qxg6 Qxa3 22. Ra1 Qb4 23. Rxa7 Nf8 24. Qf5 c4 25. bxc4 dxc4 26. Nd4 c3 27. Ne4 c2 28. Rc1 Rxd4 29. exd4 Qxd4 30. Rxe7 Qd1+ 31. Kg2 Qxc1 32. Nxf6+ Kh8 33.
Qxc8 1-0

[Event "*** Titled Tuesday Blitz"]
[Site "Chess.com"]
[Date "2021.03.09"]
[Round "6"]
[White "Marcin"]
[Black "BahadirOzen"]
[Result "0-1"]
[WhiteElo "2522"]
[BlackElo "2772"]
[TimeControl "180+1"]
[EndTime "11:09:11 PST"]
[Termination "BahadirOzen won by checkmate"]

1. d4 d6 2. Nf3 Bg4 3. e4 Nf6 4.
Bd3 e6 5. h3 Bh5 6. Bg5 Be7 7.
Nbd2 O-O 8. Qe2 d5 9. e5 Nfd7 10. Bxe7 Qxe7 11. g4 Bg6 12. h4 c5 13. c3 Nc6 14. a3 cxd4 15. cxd4 Rac8 16. h5 Bxd3 17. Qxd3 f6 18. h6 fxe5 19. hxg7 Qxg7 20. Ng5 e4 21. Qh3 Nxd4 22. Nxh7 Nf3+ 23. Nxf3 Rxf3 24. Qh4 Ne5 25.
Rd1 Nd3+ 26. Rxd3 exd3 27. Ng5 Rc1+ 28. Kd2 Qxb2# 0-1

[Event "*** Titled Tuesday Blitz"]
[Site "Chess.com"]
[Date "2021.03.09"]
[Round "6"]
[White "DarZay"]
[Black "Fortitudine"]
[Result "0-1"]
[WhiteElo "2176"]
[BlackElo "2302"]
[TimeControl "180+1"]
[EndTime "11:09:11 PST"]
[Termination "Fortitudine won by resignation"]

1. e4 c5 2. Nf3 d6 3. d4 cxd4 4. Nxd4 Nf6 5. Nc3 Nc6 6. Bc4 Qb6 7. Nb3 Bg4 8. f3 Bd7 9. Qe2 e6 10. Be3 Qc7 11. O-O-O a6 12. Bf4 Ne5 13. Bxe5 dxe5 14.
f4 b5 15. Bd3 Bd6 16. Bxb5 axb5 17. Nxb5 Bxb5 18. Qxb5+ Kf8 19. Rxd6 Qxd6 20. fxe5 Qd7 21. exf6 Qxb5 0-1

[Event "*** Titled Tuesday Blitz"]
[Site "Chess.com"]
[Date "2021.03.09"]
[Round "6"]
[White "tgpgoat"]
[Black "Mbneu"]
[Result "1-0"]
[WhiteElo "2184"]
[BlackElo "2282"]
[TimeControl "180+1"]
[EndTime "11:09:11 PST"]
[Termination "tgpgoat won by resignation"]

1. d4 Nf6 2. Nf3 c5 3. Nc3 cxd4 4. Nxd4 Nc6 5. e4 e5 6. Ndb5 a6 7. Nd6+ Bxd6 8. Qxd6 Qe7 9. Qxe7+ Nxe7 10. Bg5 b5 11.
Bxf6 gxf6 12. O-O-O Bb7 13. f3 O-O-O 14. Nd5 Bxd5 15. exd5 Nf5 16. a4 Nd6 17. axb5 axb5 18. b3 Kb7 19. Kb2 Rc8 20. Bd3 f5 21. Rhe1 f6 22. g4 fxg4 23. fxg4 h5 24. g5 fxg5 25. Rxe5 g4 26. Re7 Kc7 27. Rde1 b4 28. c4 bxc3+ 29.
Kxc3 Rhe8 30. Rxe8 Nxe8 31. Bg6 Kd6+ 32. Kd4 Nf6 33.
Rf1 Nxd5 34. Bxh5 Rh8 35. Bxg4 Rxh2 36. Bd1 Rd2+ 37. Kc4 Rxd1 38. Rxd1 1-0

[Event "*** Titled Tuesday Blitz"]
[Site "Chess.com"]
[Date "2021.03.09"]
[Round "6"]
[White "NikolaGry"]
[Black "vugarrasulov"]
[Result "0-1"]
[WhiteElo "2665"]
[BlackElo "2858"]
[TimeControl "180+1"]
[EndTime "11:09:12 PST"]
[Termination "vugarrasulov won by resignation"]

1. e4 e5 2. Nf3 Nc6 3. Bb5 a6 4. Bxc6 dxc6 5. d4 exd4 6. Qxd4 Qxd4 7. Nxd4 Bd7 8. Nc3 O-O-O 9. Be3 c5 10. Nde2 b6 11.
O-O-O Ne7 12. f3 f5 13. Ng3 fxe4 14. Ncxe4 h6 15. h4 Re8 16. h5 Nf5 17. Bf2 Nxg3 18. Bxg3 Bc6 19. Rhe1 Be7 20. c3 Rhf8 21. Nf2 Rf5 22.
Kc2 Rxh5 23. Be5 Bh4 0-1

[Event "*** Titled Tuesday Blitz"]
[Site "Chess.com"]
[Date "2021.03.09"]
[Round "6"]
[White "03revilo"]
[Black "SARGISMV"]
[Result "0-1"]
[WhiteElo "2316"]
[BlackElo "2467"]
[TimeControl "180+1"]
[EndTime "11:09:12 PST"]
[Termination "SARGISMV won by resignation"]

1. d4 c5 2. d5 e6 3. e4 exd5 4. exd5 a6 5. a4 d6 6. Nc3 Ne7 7. Nf3 Ng6 8. h4 Bg4 9. Be2 Bxf3 10. Bxf3 Nxh4 11. Qe2+ Kd7 12. Bg4+ Kc7 13. Bf4 Nxg2+ 14.
Kf1 Nxf4 15. Qf3 g5 16. Re1 Bg7 17. Qe4 h5 18. Qe7+ Qxe7 19. Rxe7+ Kb6 20. Rxf7 hxg4 21.
Rxh8 Bxh8 22. Ne4 Be5 23. a5+ Kxa5 24. Rxb7 Nxd5 25. Nxg5 Nc6 0-1

[Event "*** Titled Tuesday Blitz"]
[Site "Chess.com"]
[Date "2021.03.09"]
[Round "6"]
[White "urutodo"]
[Black "MerryPoppies"]
[Result "1-0"]
[WhiteElo "2305"]
[BlackElo "2182"]
[TimeControl "180+1"]
[EndTime "11:09:12 PST"]
[Termination "urutodo won by resignation"]

1. e4 e5 2. Nf3 Nc6 3. Bc4 Nf6 4. d3 Bc5 5. c3 O-O 6. b4 Bb6 7. a4 a5 8. b5 Nb8 9. Nxe5 d5 10.
exd5 Nxd5 11. O-O Be6 12. Qb3 c6 13. d4 Bc7 14. Nd2 Nf4 15. Ndf3 Ne2+ 16. Kh1 Nxc1 17. Raxc1 Bxc4 18. Qxc4 cxb5 19. Qxb5 Bxe5 20. Nxe5 Nc6 21. Nxc6 bxc6 22. Qxc6 Rc8 23. Qf3 Qd7 24. Ra1 Rc4 25.
g3 Rfc8 26. Rfc1 h6 27. Kg2 Rxc3 28. Rxc3 1-0

[Event "*** Titled Tuesday Blitz"]
[Site "Chess.com"]
[Date "2021.03.09"]
[Round "6"]
[White "moro182"]
[Black "Sanan_Sjugirov"]
[Result "1/2-1/2"]
[WhiteElo "2706"]
[BlackElo "2892"]
[TimeControl "180+1"]
[EndTime "11:09:15 PST"]
[Termination "Game drawn by agreement"]

1. d4 Nf6 2. c4 e6 3. Nc3 Bb4 4.
Nf3 b6 5. e3 Ne4 6. Qc2 Bb7 7.
Bd3 Bxc3+ 8. bxc3 f5 9. O-O O-O 10. Nd2 Nxd2 11. Qxd2 d6 12. f3 Nd7 13. Ba3 e5 14. c5 dxc5 15. dxc5 Nxc5 16. Bxc5 bxc5 17. Rfd1 Bc6 18. e4 fxe4 19. Bxe4 Bxe4 20. fxe4 Qxd2 21. Rxd2 Rab8 22. Rad1 h6 23. h3 Kh7 24. Rd7 Rb2 25. R1d2 Rxd2 26. Rxd2 Rf4 27. Rd5 Rxe4 28. Rxc5 Ra4 29.
Rxe5 Rxa2 30. Rc5 a5 31. Rxc7 a4 32. Ra7 Rc2 33. Rxa4 Rxc3 1/2-1/2

[Event "*** Titled Tuesday Blitz"]
[Site "Chess.com"]
[Date "2021.03.09"]
[Round "6"]
[White "TorFredrikKaasen"]
[Black "RD4ever"]
[Result "0-1"]
[WhiteElo "2701"]
[BlackElo "2901"]
[TimeControl "180+1"]
[EndTime "11:09:15 PST"]
[Termination "RD4ever won by resignation"]

1. e4 e5 2. Nf3 Nc6 3. Bb5 a6 4.
Ba4 Nf6 5. O-O b5 6. Bb3 Bc5 7. a4 Rb8 8. c3 d6 9. d4 Bb6 10.
a5 Ba7 11. h3 O-O 12. Be3 Re8 13. dxe5 Bxe3 14. exf6 Bf4 15. fxg7 Qf6 16. Re1 Qxg7 17.
Nh4 Ne5 18. Kh1 Bxh3 19. gxh3 Qh6 20. Rg1+ Kh8 21. Rg4 Nxg4 22. Qxg4 Rg8 23. Nf5 Rxg4 24. Nxh6 Rh4 25. Nxf7+ Kg7 26. Na3 b4 27. Rg1+ Kf6 28. cxb4 Rxh3+ 29. Kg2 Rxb3 0-1

[Event "*** Titled Tuesday Blitz"]
[Site "Chess.com"]
[Date "2021.03.09"]
[Round "6"]
[White "SirStrateg"]
[Black "Zmeeed63"]
[Result "1-0"]
[WhiteElo "2607"]
[BlackElo "2458"]
[TimeControl "180+1"]
[EndTime "11:09:20 PST"]
[Termination "SirStrateg won by resignation"]

1. d4 d5 2. Bf4 Nf6 3. e3 c5 4.
c3 Nc6 5. Nd2 Bg4 6. Qb3 Qb6 7.
dxc5 Qxb3 8. axb3 e5 9. Bg3 Be7 10. h3 Bh5 11. b4 Nd7 12. Ngf3 f6 13. Bb5 O-O 14. O-O a6 15. Bxc6 bxc6 16. Nb3 Bxf3 17. gxf3 f5 18. f4 e4 19. Ra2 Rf6 20. Rfa1 Nb8 21.
Nd4 Rf7 22. Kg2 Ra7 23. f3 Rb7 24. fxe4 dxe4 25. h4 h5 26. Kh3 Kf8 27. Be1 Rf6 28. Rxa6 Nxa6 29. Rxa6 Rc7 30. c4 Kf7 31. Bc3 Kg6 32.
Ne2 Rf8 33. Be5 Rb7 34. Rxc6+ Kf7 35. b5 Ra8 36. Nd4 Ra4 37. b3 Ra1 38. Nxf5 Re1 39. Bd4 Bf6 40. Nd6+ 1-0

[Event "*** Titled Tuesday Blitz"]
[Site "Chess.com"]
[Date "2021.03.09"]
[Round "6"]
[White "Koalaskakistis"]
[Black "davigator"]
[Result "0-1"]
[WhiteElo "2541"]
[BlackElo "2400"]
[TimeControl "180+1"]
[EndTime "11:09:21 PST"]
[Termination "davigator won by resignation"]

1. d4 Nf6 2. Bf4 c5 3. d5 d6 4.
Nc3 g6 5. e4 Bg7 6. Nf3 O-O 7.
Be2 Nbd7 8. O-O a6 9. a4 b6 10. h3 Ne8 11. Qd2 Ne5 12. Nxe5 dxe5 13. Bh6 Nd6 14. Bxg7 Kxg7 15. f4 exf4 16. Qxf4 f6 17. e5 Nf5 18. exf6+ exf6 19. Rad1 Nd4 20. Bc4 Bf5 21. Ne2 Nxc2 22. d6 Ra7 23. g4 Bd7 24.
Rd2 Nb4 25. Nc3 Bc6 26. g5 fxg5 27. Qe5+ Kh6 28. Rxf8 Qxf8 29. Rf2 Qg7 30. Qg3 Qd4 31. Be6 Nd3 32. Ne2 Qxf2+ 33. Qxf2 Nxf2 34. Kxf2 Bxa4 35. Ke3 Bd7 36. Bd5 Kg7 37. Ke4 Kf6 38. Nc3 Bxh3 39. Na4 Bf5+ 0-1

[Event "*** Titled Tuesday Blitz"]
[Site "Chess.com"]
[Date "2021.03.09"]
[Round "6"]
[White "SantoBlue"]
[Black "frederiksvane"]
[Result "1-0"]
[WhiteElo "2854"]
[BlackElo "2652"]
[TimeControl "180+1"]
[EndTime "11:09:24 PST"]
[Termination "SantoBlue won by resignation"]

1. e4 c5 2. Nf3 g6 3. d4 cxd4 4. Nxd4 Nc6 5. Nc3 Bg7 6. Be3 Nf6 7. Bc4 O-O 8. Bb3 Re8 9. O-O d6 10. h3 Na5 11. Qd2 a6 12. Bh6 b5 13. Bxg7 Kxg7 14. Rad1 Bb7 15. e5 Nh5 16. g4 dxe5 17. Nf5+ Kh8 18. Qh6 Qc7 19. Bxf7 e6 20. Bxe8 Rxe8 21.
Nd6 Rg8 22. Nxb7 Qxb7 23. Qg5 Nc4 24. gxh5 Qa8 25. Qf6+ 1-0

[Event "*** Titled Tuesday Blitz"]
[Site "Chess.com"]
[Date "2021.03.09"]
[Round "6"]
[White "anon219"]
[Black "Mazetovic"]
[Result "1-0"]
[WhiteElo "2867"]
[BlackElo "2674"]
[TimeControl "180+1"]
[EndTime "11:09:33 PST"]
[Termination "anon219 won by resignation"]

1. e4 c5 2. Nf3 Nc6 3. Bb5 e6 4. O-O Nge7 5. d4 cxd4 6. Nxd4 Qc7 7. Nc3 a6 8. Be2 Nxd4 9. Qxd4 Nc6 10. Qd3 b5 11.
Be3 Bb7 12. Rad1 Ne5 13. Qd4 Nc4 14. Bxc4 bxc4 15. Bf4 Qc6 16. Rfe1 f6 17. Nd5 Bc5 18.
Qd2 O-O 19. Nc3 Rfd8 20. Bd6 Rac8 21. h4 Kf7 22. Qf4 Bxd6 23. Rxd6 Qc5 24. e5 Bc6 25. Re3 Rf8 26. Ne4 Bxe4 27. Qxe4 f5 28. Rxd7+ Kg8 29. Qb7 1-0

[Event "*** Titled Tuesday Blitz"]
[Site "Chess.com"]
[Date "2021.03.09"]
[Round "6"]
[White "Brave_spirit12"]
[Black "SaraciNderim"]
[Result "0-1"]
[WhiteElo "2583"]
[BlackElo "2796"]
[TimeControl "180+1"]
[EndTime "11:09:33 PST"]
[Termination "SaraciNderim won by resignation"]

1. e4 c6 2. Nc3 d5 3. Nf3 dxe4 4. Nxe4 Nf6 5. Nxf6+ exf6 6. Bc4 Bd6 7. Qe2+ Qe7 8.
Qxe7+ Kxe7 9. O-O Be6 10. Re1 Kd7 11. Bb3 Na6 12. d4 Rae8 13. Bd2 Nc7 14. c4 b5 15.
Rac1 Bxc4 16. Bxc4 bxc4 17. Rxc4 Rxe1+ 18. Nxe1 Re8 19. Kf1 h5 20. Nd3 Bxh2 21. Nc5+ Kc8 22. g3 h4 23. gxh4 Rh8 24. Nd3 Rxh4 25. f4 Kd7 26. Nc5+ Kd6 27. Nb7+ Kd5 28. Rc5+ Kxd4 29. Rxc6 Bxf4 30. Bc3+ Ke4 31. Nc5+ Kf3 32. Kg1 Be3+ 0-1

[Event "*** Titled Tuesday Blitz"]
[Site "Chess.com"]
[Date "2021.03.09"]
[Round "6"]
[White "Chopper1905"]
[Black "Kobalia"]
[Result "0-1"]
[WhiteElo "2907"]
[BlackElo "2729"]
[TimeControl "180+1"]
[EndTime "11:09:35 PST"]
[Termination "Kobalia won by checkmate"]

1. d4 d5 2. c4 c6 3. cxd5 cxd5 4. Bf4 e6 5. Nc3 Bd6 6. Bxd6 Qxd6 7. e3 Ne7 8. Bd3 Nbc6 9. Nf3 O-O 10. O-O Bd7 11.
a3 Rfc8 12. Rc1 Be8 13. b4 f6 14. Re1 Bg6 15. Bxg6 hxg6 16. e4 Qd7 17. h3 dxe4 18.
Rxe4 Nd5 19. Qe1 Re8 20. Rc2 Kf7 21. Rce2 Nxc3 22. Qxc3 Ne7 23. Rg4 Rac8 24. Qd3 Nf5 25. Nh4 Rc1+ 26. Kh2 Qd6+ 27. g3 Qd5 28. Ng2 g5 29.
Rge4 Rh8 30. Re1 Rxe1 31. Nxe1 Nd6 32. Re2 Rxh3+ 33. Kxh3 Qh1+ 34. Kg4 f5+ 35. Kxg5 Qh6# 0-1

[Event "*** Titled Tuesday Blitz"]
[Site "Chess.com"]
[Date "2021.03.09"]
[Round "6"]
[White "ShahMatKanal"]
[Black "WilliamSchill"]
[Result "1-0"]
[WhiteElo "2493"]
[BlackElo "2049"]
[TimeControl "180+1"]
[EndTime "11:09:38 PST"]
[Termination "ShahMatKanal won on time"]

1. e4 c5 2. Nf3 Nc6 3. b4 cxb4 4. a3 d5 5. exd5 Qxd5 6. axb4 Bg4 7. Nc3 Qd7 8. Bb5 e6 9. h3 Bxf3 10. Qxf3 Bxb4 11.
Qg4 Bf8 12. O-O Nf6 13. Qg3 h6 14. d4 g5 15. d5 Nxd5 16. Rd1 Bg7 17. Nxd5 exd5 18.
Ba3 Bxa1 19. Re1+ Kd8 20. Rxa1 Re8 21. Bb2 1-0

[Event "*** Titled Tuesday Blitz"]
[Site "Chess.com"]
[Date "2021.03.09"]
[Round "6"]
[White "MuhittinBuker"]
[Black "pavelalexandru07"]
[Result "0-1"]
[WhiteElo "2152"]
[BlackElo "2312"]
[TimeControl "180+1"]
[EndTime "11:09:39 PST"]
[Termination "pavelalexandru07 won on time"]

1. d4 Nf6 2. c4 c5 3. d5 d6 4. Nc3 e6 5. e4 exd5 6. cxd5 g6 7. Be2 Bg7 8. Nf3 O-O 9. O-O Re8 10. Nd2 Nbd7 11.
Re1 a6 12. a4 Rb8 13. Bf1 h5 14. h3 Qc7 15. f4 h4 16. Nc4 Nh5 17. Qf3 b5 18. axb5 axb5 19. Nxd6 Qxd6 20. Nxb5 Qb6 21. e5 c4+ 22. Qf2 Qxb5 23. d6 Ng3 0-1

[Event "*** Titled Tuesday Blitz"]
[Site "Chess.com"]
[Date "2021.03.09"]
[Round "6"]
[White "Kislov_Oleg"]
[Black "rquery98"]
[Result "0-1"]
[WhiteElo "2482"]
[BlackElo "2638"]
[TimeControl "180+1"]
[EndTime "11:09:40 PST"]
[Termination "rquery98 won by checkmate"]

1. e4 e5 2. Nf3 Nc6 3. d4 exd4 4.
Nxd4 Nf6 5. Nc3 Bb4 6. Nxc6 bxc6 7. Bd3 d5 8. exd5 cxd5 9. O-O O-O 10. Bg5 c6 11.
Qf3 Bd6 12. Rfe1 Rb8 13. b3 Bg4 14. Bxf6 Qxf6 15. Qxg4 Qxc3 16. Rad1 Rfe8 17. Rxe8+ Rxe8 18. Qd7 Re6 19. Qxa7 g6 20. Rf1 Kg7 21. Qa4 h5 22. Qh4 Be7 23. Qg3 Bd6 24. Qf3 Rf6 25. Qe2 h4 26.
Qe1 Qd4 27. a4 h3 28. g3 Bc5 29. Qe2 Ba7 30. a5 Re6 31. Qf3 Rf6 32. Qe2 Qb4 33.
a6 Qd4 34. Qd2 Rf3 35. Qg5 Rxf2 36. Qc1 Rxf1+ 37. Kxf1 Qf2# 0-1

[Event "*** Titled Tuesday Blitz"]
[Site "Chess.com"]
[Date "2021.03.09"]
[Round "6"]
[White "Homyakova_Elena"]
[Black "Synctel"]
[Result "1-0"]
[WhiteElo "2268"]
[BlackElo "2011"]
[TimeControl "180+1"]
[EndTime "11:09:42 PST"]
[Termination "Homyakova_Elena won by resignation"]

1. e4 e6 2. d4 d5 3. Nd2 dxe4 4. Nxe4 Bd7 5. Nf3 Bc6 6. Bd3 Nd7 7. O-O Ngf6 8. Qe2 Be7 9. Ne5 Bxe4 10. Bxe4 Nxe4 11. Qxe4 c6 12. Qg4 Bf6 13. Re1 O-O 14. Bf4 Qe7 15.
Rad1 Nb6 16. Rd3 Rad8 17. Qh5 g6 18. Qh3 Nd5 19. Bh6 Rfe8 20. Ng4 Bh8 21. Rf3 Bxd4 22.
c4 Nb6 23. Bg5 Qc5 24. Nh6+ 1-0

[Event "*** Titled Tuesday Blitz"]
[Site "Chess.com"]
[Date "2021.03.09"]
[Round "6"]
[White "PavelChernomordik"]
[Black "hellokostya"]
[Result "1-0"]
[WhiteElo "2397"]
[BlackElo "2516"]
[TimeControl "180+1"]
[EndTime "11:09:45 PST"]
[Termination "PavelChernomordik won on time"]

1. e4 e5 2. Nf3 Nc6 3. Bb5 a6 4. Ba4 Nf6 5. Qe2 b5 6. Bb3 Bc5 7. a4 b4 8. Bxf7+ Kxf7 9. Qc4+ d5 10. Qxc5 Qd6 11. Qxd6 cxd6 12. exd5 Nxd5 13. h3 Rf8 14. d3 Kg8 15. Nbd2 Nf4 16. O-O Ne2+ 17. Kh2 Ned4 18. c3 bxc3 19. bxc3 Nxf3+ 20. Nxf3 Bf5 21.
Rd1 Rac8 22. Ba3 Rfd8 23. Rab1 d5 24. Rb6 a5 25. g4 Bxd3 26. Rxd3 e4 27. Re3 exf3 28.
Kg3 d4 29. cxd4 Nxd4 30. Bb2 Rc4 31. Rb7 Rf8 32. Ree7 1-0